 Dungeon Crawl Stone Soup version 0.31-a0-931-g7b59d4eb97 (webtiles) character file.

Game seed: 3448768208330466089

410 XLettuce the Digger (level 6, -11/36 HPs)
             Began as a Gargoyle Earth Elementalist on Oct 19, 2023.
             Was an Initiate of Gozag.
             Engulfed by a cloud of freezing vapour (20 damage)
             ... on level 5 of the Dungeon.
             The game lasted 00:11:56 (3469 turns).

XLettuce the Digger (Gargoyle Earth Elementalist)   Turns: 3469, Time: 00:11:57

Health: -11/36     AC:  8    Str: 11    XL:     6   Next: 89%
Magic:  12/12      EV: 12    Int: 18    God:    Gozag
Gold:   773        SH:  5    Dex: 10    Spells: 9/13 levels left

rFire   . . .        y - +0 great sword of the Futuristic God {chaos, +Blink Will+ SInv Stlth-}
rCold   . . .        (shield currently unavailable)
rNeg    + . .        o - +1 robe of Qeonedism {SInv}
rPois   ∞            (no helmet)
rElec   +            v - +0 cloak
rCorr   .            (no gloves)
SInv    +            (no boots)
Will    +....        k - amulet of reflection
Stlth   +            (no ring)
HPRegen 0.26/turn    (no ring)
MPRegen 0.13/turn

%: reflection
@: no status effects
A: sickness immunity, AC +4, negative energy resistance 1, electricity
resistance, torment resistance 1, petrification resistance
a: Renounce Religion, Evoke Blink, Potion Petition, Call Merchant, Bribe Branch


You were on level 5 of the Dungeon.
You worshipped Gozag.
Gozag was pleased with you.
You visited 2 branches of the dungeon, and saw 6 of its levels.

You collected 773 gold pieces.

Inventory:

Hand Weapons
 e - a +0 short sword
 i - a +1 dagger of protection
 m - a +2 long sword of holy wrath
 y - the +0 great sword of the Futuristic God (weapon) {chaos, +Blink Will+ SInv Stlth-}
   (You found it on level 4 of the Dungeon)

   Will+:     It increases your willpower.
   SInv:      It lets you see invisible.
   +Blink:    It lets you blink.
   Stlth-:    It makes you less stealthy.
Armour
 a - a +0 robe
 d - the +1 chain mail "Nuifresk" {Fly Dex+3 Stlth+}
   (You found it on level 1 of the Dungeon)

   Dex+3:     It affects your dexterity (+3).
   Fly:       It grants you flight.
   Stlth+:    It makes you more stealthy.
 o - the +1 robe of Qeonedism (worn) {SInv}
   (You found it on level 2 of the Dungeon)

   SInv:      It lets you see invisible.
 q - an orb of light
 v - a +0 cloak (worn)
 w - a +0 leather armour
 z - a +0 ring mail
Jewellery
 h - an amulet of guardian spirit
 k - an amulet of reflection (around neck)
Wands
 x - a wand of roots (4)
Scrolls
 c - 6 scrolls of identify {unknown}
 f - 2 scrolls of summoning {unknown}
 l - 2 scrolls of teleportation {unknown}
 n - 2 scrolls of noise {unknown}
 r - a scroll of revelation {unknown}
 s - a scroll of torment {unknown}
 t - a scroll of enchant weapon {unknown}
Potions
 b - a potion of magic
 g - a potion of berserk rage {unknown}
 j - a potion of mutation {unknown}
 p - a potion of heal wounds {unknown}
 u - a potion of enlightenment {unknown}


   Skills:
 + Level 2.8 Fighting
 - Level 2.0 Dodging
 - Level 2.1 Stealth
 * Level 4.2 Spellcasting
 - Level 0.7 Transmutations
 * Level 6.2 Earth Magic
 + Level 0.7 Evocations


You had 9 spell levels left.
You knew the following spells:

 Your Spells              Type           Power      Damage    Failure   Level
a - Sandblast             Erth           52%        2d12      1%          1
b - Stone Arrow           Conj/Erth      28%        3d8       12%         3

Your spell library contained the following spells:

 Spells                   Type           Power      Damage    Failure   Level
 Passwall                 Tmut/Erth      13%        N/A       5%          2
 Slow                     Hex            12%        N/A       14%         1
 Blink                    Tloc           6%         N/A       22%         2
 Petrify                  Tmut/Erth      16%        N/A       34%         4
 Brom's Barrelling Bould  Conj/Erth      14%        2d4       38%         4
 Confusing Touch          Hex            3%         N/A       41%         3
 Gell's Gravitas          Tloc           3%         N/A       41%         3
 Ozocubu's Armour         Ice            3%         N/A       41%         3
 Sigil of Binding         Hex            3%         N/A       41%         3
 Teleport Other           Tloc           3%         N/A       41%         3
 Tukima's Dance           Hex            3%         N/A       41%         3
 Vampiric Draining        Necr           3%         2d6       41%         3
 Manifold Assault         Tloc           3%         N/A       82%         4
 Passage of Golubria      Tloc           3%         N/A       82%         4
 Yara's Violent Unravell  Hex/Tmut       2%         3d3       98%         5
 Dispersal                Tloc           1%         N/A       100%        6
 Ozocubu's Refrigeration  Ice            1%         4d7       100%        7


Dungeon Overview and Level Annotations

Branches:
Dungeon (5/15)             Temple (1/1) D:4

Altars:
Ashenzari
Cheibriados
Elyvilon
Fedhas
Gozag
Hepliaklqana
Kikubaaqudgha
Makhleb
Nemelex Xobeh
Okawaru
Qazlal
Ru
Sif Muna
Vehumet
Wu Jian
Xom
Yredelemnul
The Shining One


Innate Abilities, Weirdness & Mutations

You are immune to sickness and miasma.
Your stone body is resilient. (AC +4)
You are immune to poison.
You resist negative energy. (rN+)
You are resistant to electric shocks. (rElec)
You are resistant to unholy torment.
You are immune to petrification.


Message History

You kill the orc priest!
Aiming: Sandblast (safe; 1% risk of failure)
Press: ? - help, Q - select action, (/) - cycle Shift-Dir - straight line, f - you That would be overly suicidal.
Okay, then.
You now have 766 gold pieces (gained 23).
Items here: )))) [[.
You now have 773 gold pieces (gained 7).
Things that are here:
a +0 hand axe; a +0 leather armour
Items here: )))) [[.
Okay, then.
You start resting.
Magic restored.
You start resting.
HP restored.
Things that are here:
a +0 hand axe; a +0 leather armour Done exploring.
Done exploring.
There is a stone staircase leading down here.
You climb downwards.
Found a scroll labelled JIUPHA ZOPT.
There is a stone staircase leading up here.
Found a stone staircase leading down.
Found 11 gold pieces.
Found 7 gold pieces.
c - 6 scrolls labelled JIUPHA ZOPT (gained 1)
Found 6 gold pieces.
Found 17 gold pieces.
Found 4 gold pieces.
You open the door.
There is an open door here.
You are engulfed in freezing vapours.
Ouch! That really hurt!
* * * LOW HITPOINT WARNING * * *
You are engulfed in freezing vapours.
Ouch! That really hurt!
You die...
Your body crumbles into a pile of gold.

###.#$#☼###
#.#$#☼##
#.#$#☼##
#.#.#☼##
#.#.#☼##
#.#.#☼##
#.#.#.#☼##
#...#.#☼##
..###.#@##
.. ##.#.##
##☼#.##
##☼#.##
##☼#.##
##.#.##
##☼#.##
##☼#.##


There were no monsters in sight!

Vanquished Creatures
  A hound (D:4)
  2 orc priests (D:4)
  2 iguanas (D:4)
  3 orc wizards
  5 adders
  2 worms
  3 dart slugs
  19 orcs
  6 bats
  11 endoplasms
  17 giant cockroaches
  5 goblins
  13 hobgoblins
  4 jackals (D:1)
  9 kobolds
  2 quokkas
  2 ball pythons (D:3)
  3 frilled lizards
  3 rats (D:1)
112 creatures vanquished.

Notes
Turn   | Place    | Note
-------+----------+-------------------------------------------
     0 | D:1      | XLettuce the Gargoyle Earth Elementalist began the quest
                  | for the Orb.
     0 | D:1      | Reached XP level 1. HP: 10/10 MP: 3/3
   205 | D:1      | Found a faded altar of an unknown god.
   249 | D:1      | Reached XP level 2. HP: 16/16 MP: 3/5
   249 | D:1      | Identified the +1 chain mail "Nuifresk" {Fly Dex+3 Stlth+}
   272 | D:1      | Reached skill level 4 in Earth Magic
   273 | D:1      | Prayed at the altar of an unknown god.
   273 | D:1      | Became a worshipper of Gozag Ym Sagoz the Greedy
   526 | D:1      | Reached skill level 1 in Fighting
   591 | D:1      | Reached XP level 3. HP: 20/20 MP: 4/6
  1109 | D:2      | Identified the +1 robe of Qeonedism {SInv}
  1200 | D:2      | Reached XP level 4. HP: 25/25 MP: 4/8
  1572 | D:3      | Reached skill level 5 in Earth Magic
  1683 | D:3      | Reached XP level 5. HP: 30/30 MP: 6/10
  1844 | D:3      | Learned a level 3 spell: Stone Arrow
  2480 | D:4      | Reached XP level 6. HP: 22/36 MP: 6/11
  2570 | D:4      | Found a staircase to the Ecumenical Temple.
  2580 | Temple   | Entered the Ecumenical Temple
  2778 | D:4      | Identified the +0 great sword of the Futuristic God {chaos,
                  | +Blink Will+ SInv Stlth-}
  3021 | D:4      | Found a blossoming altar of Fedhas.
  3284 | D:4      | Reached skill level 6 in Earth Magic
  3432 | D:5      | Entered Level 5 of the Dungeon
  3469 | D:5      | Engulfed by a cloud of freezing vapour

Illustrated notes

Levels and vault maps discovered:
D:1:      saegor_arrival_miasma, layout_loops_cross,
          hellmonk_ecumenical_altar_lost_god
D:2:      layout_rooms
D:3:      minmay_roachtagon, layout_loops_ring, st_stairs_1
D:4:      layout_basic, fedhas_altar_4, minmay_temple_entry_mist
D:5:      lemuel_ice_spiral_2, layout_basic, minitemple
Temple:   minmay_temple_bridge_d

Skill      XL: |  1  2  3  4  5  6 |
---------------+-------------------+-----
Earth Magic    | 4 5 6 |  6.2
Fighting       | 1 2 |  2.8
Spellcasting   | 3 4 |  4.2
Dodging        | 2 |  2.0
Stealth        | |  2.1
Transmutations | |  0.7
Evocations     | |  0.7

Action                     |  1- 3 |  4- 6 || total
---------------------------+-------+-------++-------
  Melee: Short sword       |    31 |       ||    31
         Dagger            |     1 |       ||     1
         Long sword        |       |    48 ||    48
         Great sword       |       |    21 ||    21
   Cast: Sandblast         |    57 |    83 ||   140
   Stab: Sleeping          |     1 |       ||     1
 Armour: Robe              |    32 |    54 ||    86
  Dodge: Dodged            |    39 |    53 ||    92
  Block: Other             |     2 |    23 ||    25
         Reflection        |     1 |     1 ||     2

Table legend: (Time is in decaauts)
 A = Elapsed time spent in this place.
 B = Non-inter-level travel time spent in this place.
 C = Inter-level travel time spent in this place.
 D = Time resting spent in this place.
 E = Time spent auto-exploring this place.
 F = Levels seen in this place.
 G = Mean time per level.
                   A        B        C        D        E       F      G
               +--------+--------+--------+--------+--------+-----+--------+
         Total |   3573 |   3437 |    136 |    510 |   1793 |   6 |  595.5 |
       Dungeon |   3427 |   3363 |     64 |    510 |   1793 |   5 |  685.4 |
        Temple |    145 |     73 |     72 |      0 |      0 |   1 |  145.0 |
               +--------+--------+--------+--------+--------+-----+--------+

Top non-repeatable levels by time:
     D:3: 978 daAuts
     D:4: 961 daAuts
     D:1: 947 daAuts
     D:2: 503 daAuts
  Temple: 145 daAuts
     D:5: 36 daAuts
